 Dungeon Crawl Stone Soup version 0.28.0-53-g5a82cb258f (webtiles) character file.

Game seed: 14005176465213790169

6764 Gabide the Grappler (level 10, -6/86 HPs)
             Began as a Mummy Berserker on June 29, 2022.
             Was a Priest of Trog.
             Killed from afar by a rime drake (12 damage)
             ... with a flash freeze
             ... on level 8 of the Dungeon on June 30, 2022.
             The game lasted 00:23:12 (13196 turns).

Gabide the Grappler (Mummy Berserker)              Turns: 13196, Time: 00:23:12

Health: -6/86      AC: 10    Str: 25    XL:     10   Next: 75%
Magic:  10/10      EV: 11    Int:  7    God:    Trog [***...]
Gold:   442        SH:  0    Dex: 11    Spells: 9/9 levels left

rFire   . . .      SeeInvis .     - Unarmed
rCold   + + .      Faith    .   (no shield)
rNeg    + + +      Spirit   .   e - +0 ring mail
rPois   ∞          Reflect  .   l - +2 helmet
rElec   .          Harm     .   m - scarf {rC+ rF+}
rCorr   .          Rampage  .   r - +0 pair of gloves
Will    +++..                   i - +0 pair of boots
Stlth   +.........              n - amulet of magic regeneration
HPRegen 1.24/turn               (no ring)
MPRegen 0.52/turn               (no ring)

@: strong-willed, regenerating
A: cold resistance 1, negative energy resistance 3, torment resistance 2, heat
vulnerability 1, no potions
a: Renounce Religion, Trog's Hand


You were on level 8 of the Dungeon.
You worshipped Trog.
Trog was most pleased with you.
You visited 2 branches of the dungeon, and saw 10 of its levels.

You collected 442 gold pieces.

Inventory:

Armour
 e - a +0 ring mail (worn)
 i - a +0 pair of boots (worn)
 l - a +2 helmet (worn)
 m - a scarf of resistance (worn)
 r - a +0 pair of gloves (worn)
Jewellery
 n - an amulet of magic regeneration (around neck)
Wands
 o - a wand of digging (13)
 q - a wand of flame (13)
Scrolls
 a - 2 scrolls of holy word
 f - 2 scrolls of noise
 k - a scroll of magic mapping
 p - a scroll of immolation


   Skills:
 + Level 10.8 Fighting
 - Level 1.5 Armour
 - Level 1.5 Dodging
 * Level 11.2 Unarmed Combat


You had 9 spell levels left.
You didn't know any spells.
Your spell library was empty.

Dungeon Overview and Level Annotations

Branches:
Dungeon (9/15)             Temple (0/1) D:7            Lair (1/6) D:8
    Orc: D:9-12

Altars:
Wu Jian

Shops:
D:3 (


Innate Abilities, Weirdness & Mutations

You are immune to poison.
Your flesh is cold resistant. (rC+)
You are immune to negative energy. (rN+++)
You are immune to unholy pain and torment.
You are vulnerable to heat. (rF-)
You do not drink.


Message History

There is a staircase to the Lair here.
The rime drake breathes ice at you. The flash freeze hits you!!
You partially resist.
You are encased in ice.
Throw: dart (curare)
Press: ? - help, Q - select action, (/) - cycle Shift-Dir - straight line, f - komodo dragon
Aim: a komodo dragon (69% to hit)
You throw a curare-tipped dart.
The curare-tipped dart hits the komodo dragon.
The komodo dragon is poisoned.
The komodo dragon convulses.
The komodo dragon seems to slow down.
The komodo dragon is lightly wounded.
The rime drake bites the fungus!
The fungus begins to die.
The komodo dragon bites you!
* * * LOW HITPOINT WARNING * * *
The rime drake bites the plant.
The plant begins to die.
The rime drake bites the fungus.
The ice encasing you melts away. The rime drake breathes ice at you.
The flash freeze hits you! You partially resist.
* * * LOW HITPOINT WARNING * * *
You are encased in ice.
You can't drink.
Okay, then.
Your skin crawls.
You feel strong-willed. The ice encasing you melts away.
The rime drake breathes ice at you. The flash freeze hits you!
You partially resist.
* * * LOW HITPOINT WARNING * * *
You are encased in ice.
The ice encasing you melts away.
The komodo dragon is no longer moving slowly.
You can't drink.
As you read the scroll of torment, it crumbles to dust.
You feel a surge of unholy energy.
The rime drake convulses!
The komodo dragon convulses!
The rime drake breathes ice at you. The flash freeze hits you!
You partially resist.
You die...

......###.....####§§8..#
...........<....##§§§§.#
.....#.##.#.#.#.###§.§.#
######.##.#...#.# ###§##
#..#.#...#.#####.#######
##.#.##..#)#...#.......#
#####.#.......#.#.#######.#
#....#######......# #.#
#...#...≈...#.@...# #.#
#.....#...#..lk...# #.#
###....##.P.##......#######.#####
.....#......P..#................8
###..#≈...>...≈#...########.#....
#..#.....(...#.#.########.#8.P8
#....##...##...#.##.......#8.8.
#.....#...#....#.##.#.........#
##..#...≈...#....##.#.#####.#.#


You could see a komodo dragon (poisoned) and a rime drake (catching breath).

Vanquished Creatures
  3 two-headed ogres
  A komodo dragon (D:8)
  2 steam dragons
  Grum (D:8)
  Edmund (D:4)
  3 water moccasins
  An ogre (D:6)
  4 wolves (D:7)
  The ghost of daodarkstar the Skirmisher, an amateur DsFi (D:3)
  7 necrophages
  A phantom (D:6)
  A kobold brigand (D:4)
  2 bullfrogs (D:7)
  A gnoll sergeant (D:7)
  2 water moccasin zombies
  4 scorpions
  A wyvern skeleton (D:6)
  13 killer bees (D:8)
  6 wights
  A howler monkey (D:5)
  5 centaur zombies
  An orc priest (D:8)
  5 hounds
  Crazy Yiuf (D:7)
  3 centaur skeletons
  3 iguanas
  2 orc wizards
  3 howler monkey zombies (D:8)
  Robin (D:3)
  5 gnolls (D:7)
  3 adders
  A howler monkey skeleton (D:6)
  An adder skeleton (D:4)
  3 worms
  3 dart slugs
  9 orcs
  3 bats
  3 endoplasms
  4 giant cockroaches
  14 goblins
  6 hobgoblins
  2 jackals (D:2)
  4 quokkas
  7 ball pythons
  6 frilled lizards
  4 kobolds
  A quokka skeleton (D:4)
  5 rats
164 creatures vanquished.

Vanquished Creatures (collateral kills)
  2 komodo dragons (D:7)
2 creatures vanquished.

Vanquished Creatures (others)
  5 fungi (D:8)
  5 plants (D:8)
  2 withered plants (D:8)
12 creatures vanquished.

Grand Total: 178 creatures vanquished

Notes
Turn   | Place    | Note
-------+----------+-------------------------------------------
     0 | D:1      | Gabide the Mummy Berserker began the quest for the Orb.
     0 | D:1      | Reached XP level 1. HP: 18/18 MP: 1/1
   388 | D:1      | Reached XP level 2. HP: 21/24 MP: 2/2
  1432 | D:2      | Reached skill level 3 in Unarmed Combat
  1432 | D:2      | Reached XP level 3. HP: 24/30 MP: 3/3
  2425 | D:3      | Reached ** piety under Trog
  2434 | D:3      | Found Jusi's Antique Weapon Boutique.
  2456 | D:2      | Reached XP level 4. HP: 7/37 MP: 4/4
  2918 | D:3      | Found a runed translucent gate.
  2918 | D:3      | Found a runed translucent gate.
  2918 | D:3      | Found a runed translucent gate.
  2921 | D:3      | Noticed daodarkstar's ghost (amateur DsFi)
  2931 | D:3      | Noticed a necrophage
  2965 | D:3      | Killed a necrophage
  2966 | D:3      | Reached XP level 5. HP: 35/43 MP: 5/5
  3395 | D:3      | Killed daodarkstar's ghost
  3396 | D:3      | Reached skill level 5 in Fighting
  3396 | D:3      | Reached skill level 4 in Unarmed Combat
  3556 | D:4      | Reached XP level 6. HP: 51/51 MP: 6/6
  3746 | D:4      | Noticed Robin
  4029 | D:3      | Killed Robin
  4937 | D:4      | Noticed Edmund
  4986 | D:4      | Killed Edmund
  4987 | D:4      | Reached skill level 5 in Unarmed Combat
  4987 | D:4      | Reached XP level 7. HP: 12/58 MP: 7/7
  5613 | D:5      | Entered Level 5 of the Dungeon
  5685 | D:5      | Found an ornate altar of the Wu Jian Council.
  6648 | D:6      | Reached skill level 6 in Unarmed Combat
  6648 | D:6      | Reached XP level 8. HP: 61/67 MP: 8/8
  7067 | D:6      | Reached skill level 7 in Unarmed Combat
  7207 | D:6      | Noticed a two-headed ogre
  7257 | D:6      | Killed a two-headed ogre
  7258 | D:6      | Reached skill level 8 in Unarmed Combat
  7258 | D:6      | Reached XP level 9. HP: 39/75 MP: 9/9
  8048 | D:7      | Reached *** piety under Trog
  8368 | D:7      | Found a runed translucent door.
  8369 | D:7      | Noticed Crazy Yiuf
  8387 | D:7      | Killed Crazy Yiuf
  8518 | D:7      | Reached skill level 9 in Unarmed Combat
  8730 | D:7      | Found a staircase to the Ecumenical Temple.
  8730 | D:7      | You fall into a shaft and drop 2 floors!
  9151 | D:8      | Noticed Grum
  9464 | D:8      | Killed Grum
  9634 | D:8      | Found a staircase to the Lair.
  9664 | D:8      | Reached XP level 10. HP: 38/84 MP: 10/10
  9835 | D:8      | Noticed a two-headed ogre
  9870 | D:8      | Killed a two-headed ogre
  9871 | D:8      | Reached skill level 10 in Fighting
  9871 | D:8      | Reached skill level 10 in Unarmed Combat
 10011 | D:8      | Noticed a two-headed ogre
 10876 | D:8      | Killed a two-headed ogre
 11530 | Lair:1   | Entered Level 1 of the Lair of Beasts
 11728 | D:8      | Reached skill level 11 in Unarmed Combat
 13193 | D:8      | HP: 1/86 [rime drake/flash freeze (15)]
 13196 | D:8      | Killed from afar by a rime drake

Illustrated notes

Levels and vault maps discovered:
D:1:      amcnicky_arrival_single_pillar, layout_basic
D:2:      layout_basic, minmay_randomly_rotated_circles
D:3:      layout_rooms, gammafunk_ghost_split, serial_shops,
          nicolae_diamond_shop, minmay_close_crescents
D:4:      layout_cave_pools, uniq_robin, uniq_edmund
D:5:      layout_gridville, nzn_wu_jian_contemplation
D:6:      layout_basic
D:7:      layout_loops_ring, temple_green, st_stairs_3, uniq_crazy_yiuf_cottage
D:8:      layout_basic, dpeg_oklobed_lair, serial_undead, serial_undead_e,
          serial_undead_d, serial_undead_c, serial_undead_a, serial_undead_b,
          uniq_grum
D:9:      cheibrodos_barr_body, layout_basic, uniq_maurice
Lair:1:   layout_cellular_growth, chequers_serial_rivers_room_b,
          beast_lair_carwin_10, infiniplex_staircase_pool, serial_bayou_shore_b

Skill      XL: |  1  2  3  4  5  6  7  8  9 10 |
---------------+-------------------------------+-----
Unarmed Combat | 3 4 5 6 8 9 11 | 11.2
Fighting       | 4 5 6 7 8 9 10 | 10.8
Armour         | |  1.5
Dodging        | |  1.5

Action                   |  1- 3 |  4- 6 |  7- 9 | 10-12 || total
-------------------------+-------+-------+-------+-------++-------
Melee: Unarmed           |   140 |   149 |   369 |   106 ||   764
       Punch             |     2 |     4 |    18 |     8 ||    32
Throw: Dart              |     2 |    17 |    12 |    11 ||    42
       Throwing net      |       |     2 |     1 |       ||     3
Invok: Trog's Hand       |       |     4 |     3 |     4 ||    11
Evoke: Wand              |       |    12 |     8 |    11 ||    31
  Use: Scroll            |     1 |     3 |     7 |     7 ||    18
Armor: Animal skin       |    15 |       |       |       ||    15
       Ring mail         |    17 |    56 |   142 |    47 ||   262
Dodge: Dodged            |    96 |    82 |   217 |    63 ||   458
